 Dungeon Crawl Stone Soup version 0.28-a0-823-gb444dcf96d (webtiles) character file.

Game seed: 8309299005967411601

905 siradein the Ruffian (level 7, -8/71 HPs)
             Began as a Troll Monk on Nov 9, 2021.
             Killed by divine providence
             ... invoked by an orc priest
              (13 damage)
             ... on level 5 of the Dungeon.
             The game lasted 00:05:05 (2824 turns).

siradein the Ruffian (Troll Monk)                   Turns: 2824, Time: 00:05:06

Health: -8/71      AC: 12    Str: 22    XL:     7   Next: 80%
Magic:  6/6        EV: 13    Int:  6    God:
Gold:   166        SH:  0    Dex: 12    Spells: 6/6 levels left

rFire   x . .      SeeInvis .     - Unarmed
rCold   + + .      Faith    .   (no shield)
rNeg    . . .      Spirit   .   j - +0 ice dragon scales
rPois   .          Reflect  .   (helmet restricted)
rElec   .          Harm     .   c - +0 cloak
rCorr   .          Rampage  .   (gloves unavailable)
Will    .....                   (boots unavailable)
Stlth   ..........              (no amulet)
HPRegen 1.21/turn               i - +4 ring of evasion
MPRegen 0.10/turn               (no ring)

@: lethally poisoned (-8 -> -13)
A: large, unfitting armour, claws 3, regeneration 1, shaggy fur 1, tough skin 1
a: no special abilities


You were on level 5 of the Dungeon.
You visited 1 branch of the dungeon, and saw 5 of its levels.

You collected 192 gold pieces.
You spent 26 gold pieces at shops.

Inventory:

Missiles
 d - 6 curare-tipped darts (quivered)
Armour
 c - a +0 cloak (worn)
 j - +0 ice dragon scales (worn)
Jewellery
 i - a +4 ring of evasion (left claw)
 o - a +4 ring of protection
Wands
 h - a wand of mindburst (6)
 l - a wand of digging (4)
 p - a wand of flame (13)
Scrolls
 k - a scroll of enchant weapon
 n - 4 scrolls of teleportation {unknown}
Potions
 a - 2 potions of heal wounds {unknown}
 b - 2 potions of invisibility {unknown}
 e - a potion of magic {unknown}
 f - 2 potions of cancellation {unknown}
 g - 2 potions of curing {unknown}
 m - a potion of resistance {unknown}


   Skills:
 + Level 4.8 Fighting
 + Level 4.8 Dodging
 - Level 1.2 Stealth
 + Level 5.9 Unarmed Combat


You had 6 spell levels left.
You didn't know any spells.
Your spell library contained the following spells:

 Spells                   Type           Power      Damage    Failure   Level
 Animate Skeleton         Necr           0%         N/A       86%         1
 Apportation              Tloc           0%         N/A       86%         1
 Summon Small Mammal      Summ           0%         N/A       86%         1
 Tukima's Dance           Hex            0%         N/A       99%         3
 Passage of Golubria      Tloc           0%         N/A       100%        4
 Yara's Violent Unravell  Hex/Tmut       0%         3d3       100%        5


Dungeon Overview and Level Annotations

Branches:
Dungeon (5/15)
 Temple: D:4-7

Altars:
Makhleb
Vehumet

Shops:
D:4 [[?[


Innate Abilities, Weirdness & Mutations

You are too large for most types of armour.
You have claws for hands.
Your natural rate of healing is unusually fast.
You are covered in fur. (AC +1)
You have tough skin. (AC +1)


Message History

You feel very sick. The hound bites you but does no damage.
The gnoll hits you but does no damage.
You are more poisoned.
The hound bites you but does no damage.
The gnoll sergeant hits you from afar with a +3 vorpal trident.
You feel very sick.
An orc priest comes into view. It is wielding a +0 war axe.
You feel very sick.
The orc priest shouts!
You hear a shout!
The hound misses you. The gnoll hits you but does no damage.
The orc priest moves out of view.
You feel very sick.
An orc priest comes into view. It is wielding a +0 trident.
You feel sick. The gnoll hits you but does no damage.
The hound completely misses you.
You feel sick.
You feel sick. The hound barely misses you. The gnoll misses you.
An orc priest comes into view. It is wielding a +0 club.
You feel sick.
The orc priest shouts!
You feel sick.
The orc priest mumbles some strange prayers to Beogh against you.
Beogh smites you!
* * * LOW HITPOINT WARNING * * *
The hound bites you but does no damage.
The gnoll hits you from afar with a +0 spear of venom.
* * * LOW HITPOINT WARNING * * *
You are more poisoned.
You feel very sick.
You feel sick.
The gnoll hits you from afar with a +0 spear of venom.
* * * LOW HITPOINT WARNING * * *
You are lethally poisoned!
The hound closely misses you.
You see here a jackal corpse.
* * * LOW HITPOINT WARNING * * *
You feel very sick.
The orc priest mumbles some strange prayers to Beogh against you.
Beogh smites you!
You die...

#......
...#......[.....##......
................# .....
................## ##...
...[............###.≈..
#......o.##.....##.≈g.
.##........##...#.##g≈g.
............#o....##g≈..
#...@h..o......##.≈g.
#.....gg.g.....##.≈..
#...†....#......###..
#####...##...........
#..........).8...
#........#.......
#.....##.#..#....
......##.#...##..
..#...#....#####


You could see a gnoll sergeant, a hound, 3 orc priests and 2 gnolls.

Vanquished Creatures
  An ice beast (D:4)
  A black bear (D:3)
  An orc warrior (D:4)
  An ogre (D:4)
  3 phantoms (D:4)
  A wyvern zombie (D:5)
  A scorpion (D:4)
  A hound (D:5)
  A gnoll shaman (D:5)
  An orc wizard (D:4)
  A gnoll (D:5)
  2 adders
  An ufetubus (D:5)
  4 dart slugs (D:1)
  7 orcs
  7 bats
  8 endoplasms
  5 giant cockroaches
  8 hobgoblins
  4 jackals (D:5)
  5 quokkas
  9 ball pythons
  2 frilled lizards
  7 goblins
  9 kobolds
  9 rats
100 creatures vanquished.

Notes
Turn   | Place    | Note
-------+----------+-------------------------------------------
     0 | D:1      | siradein the Troll Monk began the quest for the Orb.
     0 | D:1      | Reached XP level 1. HP: 22/22 MP: 0/0
   145 | D:1      | Reached XP level 2. HP: 29/29 MP: 1/1
   383 | D:1      | Reached XP level 3. HP: 36/36 MP: 2/2
   670 | D:2      | Found a faded altar of an unknown god.
   692 | D:2      | Found a radiant altar of Vehumet.
  1538 | D:3      | Noticed a black bear
  1550 | D:3      | Reached XP level 4. HP: 44/44 MP: 3/3
  1554 | D:3      | Killed a black bear
  1555 | D:3      | Reached skill level 4 in Unarmed Combat
  1555 | D:3      | Reached XP level 5. HP: 41/53 MP: 4/4
  2034 | D:4      | Found Ygogocs's Antique Armour Boutique.
  2036 | D:4      | Noticed a phantom
  2044 | D:4      | Killed a phantom
  2083 | D:4      | Found Nyklakk's Armour Shoppe.
  2104 | D:4      | Found Ruufahi's Armour Emporium.
  2125 | D:4      | Found Qojoch's Magic Scroll Shoppe.
  2130 | D:4      | Noticed an ice beast
  2140 | D:4      | Killed an ice beast
  2141 | D:4      | Reached XP level 6. HP: 62/62 MP: 5/5
  2151 | D:4      | Bought a scroll of identify for 26 gold pieces
  2320 | D:4      | Found a burning altar of Makhleb.
  2332 | D:4      | Reached skill level 5 in Unarmed Combat
  2332 | D:4      | Reached XP level 7. HP: 60/70 MP: 6/6
  2733 | D:5      | Entered Level 5 of the Dungeon
  2824 | D:5      | Killed from afar by an orc priest

Illustrated notes

Levels and vault maps discovered:
D:1:      dpeg_arrival_radiant, layout_basic, minmay_cut_off
D:2:      layout_rooms, basic_altar, ebering_ecumenical_altar_rust
D:3:      minmay_razor_zed, layout_loops_ring, minmay_tree_intersection,
          kennysheep_generic_room_2
D:4:      layout_rooms, lightli_temple_of_fire, serial_shops, shop,
          nicolae_shop_stone, nicolae_take_the_stairs, shop
D:5:      layout_cave_pools, nicolae_ru_path_of_blood, serial_gnoll_camp,
          gnoll_camp_medium_01, grums_kennel, gnoll_camp_mini_shop,
          gnoll_camp_mini_house, gnoll_camp_mini_hut,
          minmay_hollow_rounded_squares, uniq_sigmund

Skill      XL: |  1  2  3  4  5  6 |
---------------+-------------------+-----
Dodging        | 3 4 |  4.8
Fighting       | 3 4 |  4.8
Unarmed Combat | 4 5 |  5.9
Stealth        | |  1.2

Action                   |  1- 3 |  4- 6 |  7- 9 || total
-------------------------+-------+-------+-------++-------
Melee: Unarmed           |   123 |    71 |    78 ||   272
       Punch             |       |     1 |     1 ||     2
  Use: Scroll            |       |     3 |       ||     3
 Stab: Sleeping          |     1 |       |       ||     1
Armor: Robe              |    36 |       |       ||    36
       Ice dragon scales |     3 |    26 |    51 ||    80
Dodge: Dodged            |    68 |    38 |    66 ||   172

Table legend: (Time is in decaauts)
 A = Elapsed time spent in this place.
 B = Non-inter-level travel time spent in this place.
 C = Inter-level travel time spent in this place.
 D = Time resting spent in this place.
 E = Time spent auto-exploring this place.
 F = Levels seen in this place.
 G = Mean time per level.
                   A        B        C        D        E       F      G
               +--------+--------+--------+--------+--------+-----+--------+
         Total |   2800 |   2622 |    178 |      0 |   1949 |   5 |  560.0 |
       Dungeon |   2800 |   2622 |    178 |      0 |   1949 |   5 |  560.0 |
               +--------+--------+--------+--------+--------+-----+--------+

Top non-repeatable levels by time:
     D:3: 1149 daAuts
     D:4: 689 daAuts
     D:1: 552 daAuts
     D:2: 321 daAuts
     D:5: 87 daAuts
